% Time on Ice - SEATTLE GRUNGE
Lines # - Real PCT - Wanted PCT - Time Play
Normal Forward
1 - 35% - 37% - 17:02
2 - 34% - 36% - 16:32
3 - 22% - 22% - 10:33
4 - 9% - 5% - 4:12
Normal Defense
1 - 36% - 40% - 17:29
2 - 36% - 39% - 17:28
3 - 26% - 21% - 12:40
4 - 1% - 0% - 0:42
PP Forward
1 - 70% - 55% - 2:57
2 - 30% - 45% - 1:15
PP Defense
1 - 70% - 55% - 2:57
2 - 30% - 45% - 1:15
PK Forward
1 - 52% - 55% - 3:40
2 - 48% - 45% - 3:25
PK Defense
1 - 54% - 55% - 3:49
2 - 46% - 45% - 3:16
PK3 Forward
1 - 0% - 55%
2 - 0% - 45%
PK3 Defense
1 - 0% - 55%
2 - 0% - 45%
44 Forward
1 - 0% - 55%
2 - 0% - 45%
44 Defense
1 - 0% - 55%
2 - 0% - 45%
Last Minute Offensive  - 0:00
Last Minute Defensive  - 0:24
Total
Forward - 60:00
Defense - 60:00
% Time on Ice - LAS VEGAS LIZARD KINGS
Lines # - Real PCT - Wanted PCT - Time Play
Normal Forward
1 - 33% - 38% - 16:00
2 - 28% - 31% - 13:26
3 - 19% - 24% - 9:19
4 - 20% - 7% - 9:34
Normal Defense
1 - 41% - 45% - 19:43
2 - 32% - 35% - 15:37
3 - 27% - 20% - 12:59
4 - 0% - 0% - 0:00
PP Forward
1 - 59% - 75% - 4:10
2 - 41% - 25% - 2:55
PP Defense
1 - 59% - 75% - 4:10
2 - 41% - 25% - 2:55
PK Forward
1 - 100% - 70% - 4:12
2 - 0% - 30% - 0:00
PK Defense
1 - 27% - 55% - 1:07
2 - 73% - 45% - 3:05
PK3 Forward
1 - 0% - 55%
2 - 0% - 45%
PK3 Defense
1 - 0% - 55%
2 - 0% - 45%
44 Forward
1 - 0% - 55%
2 - 0% - 45%
44 Defense
1 - 0% - 55%
2 - 0% - 45%
Last Minute Offensive  - 0:24
Last Minute Defensive  - 0:00
Total
Forward - 60:00
Defense - 60:00
Play-by-Play 1st period 0:01 of 1st period - Ryan Nugent-Hopkins wins face-off versus Mike Hoffman in neutral zone. 0:06 of 1st period - Shot by Victor Olofsson. 0:06 of 1st period - Stopped by Semyon Varlamov without a rebound. 0:07 of 1st period - Sean Monahan wins face-off versus Vladislav Namestnikov in SEATTLE GRUNGE zone. 1:07 of 1st period - Off-side. 1:08 of 1st period - Morgan Geekie wins face-off versus Ryan Nugent-Hopkins in neutral zone. 2:33 of 1st period - Derek Ryan is hit by Slater Koekkoek and loses puck. 2:47 of 1st period - Off-side. 2:48 of 1st period - Tyler Seguin wins face-off versus Zemgus Girgensons in neutral zone. 3:10 of 1st period - Minor Penalty to David Savard for Tripping. 3:11 of 1st period - Jason Spezza wins face-off versus Sean Monahan in SEATTLE GRUNGE zone. 3:47 of 1st period - Shot by Johnny Gaudreau. 3:47 of 1st period - Shot Misses the Net. 4:25 of 1st period - Josh Bailey is hit by Barclay Goodrow and loses puck. 4:46 of 1st period - Shot by Nino Niederreiter. 4:46 of 1st period - Shot Misses the Net. 5:08 of 1st period - Shot by Derek Ryan. 5:08 of 1st period - Shot Misses the Net. 5:16 of 1st period - Shot by Mike Hoffman. 5:16 of 1st period - Stopped by Marc-Andre Fleury with a rebound. 5:18 of 1st period - Shot by Jake Guentzel. 5:18 of 1st period - Shot Blocked by Brayden McNabb. 5:20 of 1st period - Shot by Jake Guentzel. 5:20 of 1st period - Stopped by Marc-Andre Fleury with a rebound. 6:04 of 1st period - Shot by Wayne Simmonds. 6:04 of 1st period - Goal by Wayne Simmonds - SEATTLE GRUNGE : 1 - LAS VEGAS LIZARD KINGS : 0. 6:05 of 1st period - Chris Tierney wins face-off versus Ryan Nugent-Hopkins in neutral zone. 6:18 of 1st period - Damon Severson is hit by Johnny Gaudreau and loses puck. 6:45 of 1st period - Shot by Ryan Nugent-Hopkins. 6:45 of 1st period - Deflect By Victor Olofsson. 6:45 of 1st period - Stopped by Semyon Varlamov without a rebound. 6:46 of 1st period - Sean Monahan wins face-off versus Tyler Seguin in SEATTLE GRUNGE zone. 7:23 of 1st period - Shot by Jake Guentzel. 7:23 of 1st period - Stopped by Marc-Andre Fleury without a rebound. 7:24 of 1st period - Derek Ryan wins face-off versus Marcus Sorensen in LAS VEGAS LIZARD KINGS zone. 7:24 of 1st period - Derek Ryan is hit by Marcus Sorensen. 7:38 of 1st period - Shot by Bobby Ryan. 7:38 of 1st period - Shot Misses the Net. 7:39 of 1st period - Minor Penalty to Matthew Grzelcyk for Holding. 7:40 of 1st period - Bobby Ryan wins face-off versus Morgan Geekie in SEATTLE GRUNGE zone. 8:04 of 1st period - Johnny Gaudreau is hit by Travis Sanheim and loses puck. 8:40 of 1st period - Jeff Skinner is hit by Damon Severson and loses puck. 8:43 of 1st period - Shot by Matt Roy. 8:43 of 1st period - Shot Blocked by Damon Severson. 8:45 of 1st period - Shot by Matt Roy. 8:45 of 1st period - Stopped by Semyon Varlamov with a rebound. 8:47 of 1st period - Shot by Nino Niederreiter. 8:47 of 1st period - Goal by Nino Niederreiter - SEATTLE GRUNGE : 1 - LAS VEGAS LIZARD KINGS : 1. 8:48 of 1st period - Tyler Seguin wins face-off versus Zemgus Girgensons in neutral zone. 9:11 of 1st period - Shot by Jake Guentzel. 9:11 of 1st period - Stopped by Marc-Andre Fleury without a rebound. 9:12 of 1st period - Morgan Geekie wins face-off versus Ryan Nugent-Hopkins in LAS VEGAS LIZARD KINGS zone. 9:39 of 1st period - Morgan Geekie is hit by Mirco Mueller and loses puck. 10:03 of 1st period - Jake Guentzel is hit by Victor Olofsson and loses puck. 10:42 of 1st period - Shot by Tyler Seguin. 10:42 of 1st period - Deflect By Jake Guentzel. 10:42 of 1st period - Stopped by Marc-Andre Fleury with a rebound. 10:44 of 1st period - Shot by Jake Guentzel. 10:44 of 1st period - Stopped by Marc-Andre Fleury without a rebound. 10:45 of 1st period - Chris Tierney wins face-off versus Sean Monahan in LAS VEGAS LIZARD KINGS zone. 10:55 of 1st period - Jeff Skinner is hit by Vladislav Namestnikov and loses puck. 11:00 of 1st period - Shot by Nino Niederreiter. 11:00 of 1st period - Goal by Nino Niederreiter - SEATTLE GRUNGE : 1 - LAS VEGAS LIZARD KINGS : 2. 11:01 of 1st period - Jason Spezza wins face-off versus Derek Ryan in neutral zone. 11:10 of 1st period - Shot by Jason Spezza. 11:10 of 1st period - Shot Blocked by John Marino. 11:12 of 1st period - Shot by Travis Sanheim. 11:12 of 1st period - Goal by Travis Sanheim - SEATTLE GRUNGE : 2 - LAS VEGAS LIZARD KINGS : 2. 11:13 of 1st period - Sean Monahan wins face-off versus Chris Tierney in neutral zone. 14:52 of 1st period - Shot by Ryan Nugent-Hopkins. 14:52 of 1st period - Stopped by Semyon Varlamov with a rebound. 14:54 of 1st period - Shot by Johnny Gaudreau. 14:54 of 1st period - Shot Hit the Post. 14:56 of 1st period - Shot by Ryan Nugent-Hopkins. 14:56 of 1st period - Deflect By Victor Olofsson. 14:56 of 1st period - Stopped by Semyon Varlamov with a rebound. 16:04 of 1st period - Off-side. 16:05 of 1st period - Zemgus Girgensons wins face-off versus Tyler Seguin in neutral zone. 16:33 of 1st period - Tyler Seguin is hit by Drake Caggiula. 16:53 of 1st period - Matthew Grzelcyk is hit by Drake Caggiula and loses puck. 17:14 of 1st period - Shot by Morgan Geekie. 17:14 of 1st period - Deflect By Wayne Simmonds. 17:14 of 1st period - Stopped by Marc-Andre Fleury without a rebound. 17:15 of 1st period - Morgan Geekie wins face-off versus Derek Ryan in LAS VEGAS LIZARD KINGS zone. 17:34 of 1st period - Shot by Derek Ryan. 17:34 of 1st period - Stopped by Semyon Varlamov with a rebound. 17:36 of 1st period - Shot by Barclay Goodrow. 17:36 of 1st period - Stopped by Semyon Varlamov without a rebound. 17:37 of 1st period - Ryan Nugent-Hopkins wins face-off versus Marcus Sorensen in SEATTLE GRUNGE zone. 17:44 of 1st period - Shot by Damon Severson. 17:44 of 1st period - Shot Blocked by John Marino. 17:46 of 1st period - Shot by Damon Severson. 17:46 of 1st period - Shot Blocked by John Marino. 17:48 of 1st period - Shot by Roman Josi. 17:48 of 1st period - Stopped by Marc-Andre Fleury without a rebound. 17:49 of 1st period - Chris Tierney wins face-off versus Nino Niederreiter in LAS VEGAS LIZARD KINGS zone. 17:53 of 1st period - Icing by Matt Niskanen. 17:54 of 1st period - Sean Monahan wins face-off versus Chris Tierney in LAS VEGAS LIZARD KINGS zone. 17:56 of 1st period - Icing by Jeff Skinner. 17:57 of 1st period - Chris Tierney wins face-off versus Sean Monahan in LAS VEGAS LIZARD KINGS zone. 17:58 of 1st period - Shot by Vladislav Namestnikov. 17:58 of 1st period - Stopped by Marc-Andre Fleury with a rebound. 18:00 of 1st period - Shot by Josh Bailey. 18:00 of 1st period - Stopped by Marc-Andre Fleury without a rebound. 18:01 of 1st period - Ryan Nugent-Hopkins wins face-off versus Chris Tierney in LAS VEGAS LIZARD KINGS zone. 18:26 of 1st period - Icing by Josh Bailey. 18:27 of 1st period - Chris Tierney wins face-off versus Derek Ryan in SEATTLE GRUNGE zone. 18:27 of 1st period - Chris Tierney is hit by Barclay Goodrow. 18:41 of 1st period - Icing by Brayden McNabb. 18:42 of 1st period - Tyler Seguin wins face-off versus Derek Ryan in LAS VEGAS LIZARD KINGS zone. 19:29 of 1st period - Shot by Jake Guentzel. 19:29 of 1st period - Stopped by Marc-Andre Fleury without a rebound. 19:30 of 1st period - Chris Tierney wins face-off versus Ryan Nugent-Hopkins in LAS VEGAS LIZARD KINGS zone. 19:36 of 1st period - Off-side. 19:37 of 1st period - Chris Tierney wins face-off versus Ryan Nugent-Hopkins in neutral zone. Goals for this period are 2 for SEATTLE GRUNGE vs 2 for LAS VEGAS LIZARD KINGS. Shots for this period are 13 for SEATTLE GRUNGE vs 9 for LAS VEGAS LIZARD KINGS. 2nd period 0:01 of 2nd period - Chris Tierney wins face-off versus Ryan Nugent-Hopkins in neutral zone. 0:03 of 2nd period - Vladislav Namestnikov is hit by Brayden McNabb and loses puck. 0:37 of 2nd period - Shot by Ryan Nugent-Hopkins. 0:37 of 2nd period - Deflect By Victor Olofsson. 0:37 of 2nd period - Shot Misses the Net. 0:39 of 2nd period - Shot by Matt Niskanen. 0:39 of 2nd period - Stopped by Semyon Varlamov without a rebound. 0:40 of 2nd period - Tyler Seguin wins face-off versus Sean Monahan in SEATTLE GRUNGE zone. 0:51 of 2nd period - Shot by Tyler Seguin. 0:51 of 2nd period - Shot Blocked by John Marino. 0:53 of 2nd period - Shot by Roman Josi. 0:53 of 2nd period - Deflect By Tyler Seguin. 0:53 of 2nd period - Shot Misses the Net. 1:40 of 2nd period - Shot by Morgan Geekie. 1:40 of 2nd period - Deflect By Wayne Simmonds. 1:40 of 2nd period - Stopped by Marc-Andre Fleury without a rebound. 1:41 of 2nd period - Ryan Nugent-Hopkins wins face-off versus Josh Bailey in LAS VEGAS LIZARD KINGS zone. 2:08 of 2nd period - Shot by Johnny Gaudreau. 2:08 of 2nd period - Stopped by Semyon Varlamov with a rebound. 2:10 of 2nd period - Shot by Ryan Nugent-Hopkins. 2:10 of 2nd period - Goal by Ryan Nugent-Hopkins - SEATTLE GRUNGE : 2 - LAS VEGAS LIZARD KINGS : 3. 2:11 of 2nd period - Derek Ryan wins face-off versus Morgan Geekie in neutral zone. 3:07 of 2nd period - Bobby Ryan is hit by Mike Hoffman and loses puck. 3:33 of 2nd period - Shot by Johnny Gaudreau. 3:33 of 2nd period - Stopped by Semyon Varlamov with a rebound. 3:35 of 2nd period - Shot by Ryan Nugent-Hopkins. 3:35 of 2nd period - Stopped by Semyon Varlamov with a rebound. 3:55 of 2nd period - Shot by Victor Olofsson. 3:55 of 2nd period - Shot Misses the Net. 3:57 of 2nd period - Shot by Ryan Nugent-Hopkins. 3:57 of 2nd period - Stopped by Semyon Varlamov without a rebound. 3:58 of 2nd period - Sean Monahan wins face-off versus Chris Tierney in SEATTLE GRUNGE zone. 4:15 of 2nd period - Shot by Sean Monahan. 4:15 of 2nd period - Shot Misses the Net. 4:21 of 2nd period - Chris Tierney is hit by Sean Monahan and loses puck. 4:45 of 2nd period - Icing by Damon Severson. 4:46 of 2nd period - Chris Tierney wins face-off versus Ryan Nuge